 Dungeon Crawl Stone Soup version 0.30-a0-937-ga0a21ad780 (webtiles) character file.

Game seed: 14752204275387237441

1032 jasper the Magician (level 8, -5/54 HPs)
             Began as a Demonspawn Hexslinger on Mar 24, 2023.
             Was a Follower of Vehumet.
             Killed from afar by Dowan (17 damage)
             ... with a stone arrow
             ... on level 6 of the Dungeon.
             The game lasted 00:13:00 (5577 turns).

jasper the Magician (Demonspawn Hexslinger)         Turns: 5577, Time: 00:13:01

Health: -5/54      AC:  3    Str: 10    XL:     8   Next: 3%
Magic:  0/17       EV: 11    Int: 16    God:    Vehumet [*.....]
Gold:   633        SH:  6    Dex: 15    Spells: 6/19 levels left

rFire   . . .      SeeInvis .    (no weapon)
rCold   + . .      Faith    .    k - +1 buckler
rNeg    . . .      Spirit   +    c - +0 robe
rPois   .          Reflect  .    (no helmet)
rElec   .          Rampage  .    (no cloak)
rCorr   .                        (no gloves)
Will    .....                    f - +0 pair of boots
Stlth   +                        (no amulet)
HPRegen 0.29/turn                l - ring of protection from cold
MPRegen 0.30/turn                (no ring)

@: on berserk cooldown, very slightly contaminated, slowed, very slow
A: claws 1, foul stench 2, magic shield, magic regeneration
a: Renounce Religion


You were on level 6 of the Dungeon.
You worshipped Vehumet.
Vehumet was aware of your devotion.
You visited 1 branch of the dungeon, and saw 6 of its levels.
You also visited: Ossuary.

You collected 1176 gold pieces.
You spent 543 gold pieces at shops.

Inventory:

Hand Weapons
 a - a +4 sling
Missiles
 p - 8 poisoned darts
Armour
 c - a +0 robe (worn)
 f - a +0 pair of boots (worn)
 i - a +0 ring mail
 k - a +1 buckler (worn)
Jewellery
 l - a ring of protection from cold (left claw)
Wands
 n - a wand of roots (8)
 o - a wand of paralysis (4)
Scrolls
 b - a scroll of blinking
 e - a scroll of teleportation
 g - a scroll of magic mapping
 h - 2 scrolls of enchant armour
Potions
 d - 2 potions of degeneration
 j - a potion of curing
 m - a potion of ambrosia {unknown}
 r - a potion of haste
 s - a potion of attraction


   Skills:
 - Level 1.0 Fighting
 - Level 4.0 Ranged Weapons
 - Level 1.7 Dodging
 - Level 4.0 Shields
 * Level 6.3 Spellcasting
 - Level 3.1 Hexes


You had 6 spell levels left.
You knew the following spells:

 Your Spells              Type           Power      Damage    Failure   Level
a - Tukima's Dance        Hex            15%        N/A       14%         3
b - Yara's Violent Unrav  Hex/Tmut       5%         3d4       94%         5
c - Freezing Cloud        Conj/Ice/Air   2%         6-21      99%         5

Your spell library contained the following spells:

 Spells                   Type           Power      Damage    Failure   Level
 Magic Dart               Conj           20%        1d4       17%         1
 Slow                     Hex            60%        N/A       4%          1
 Ensorcelled Hibernation  Hex/Ice        20%        N/A       13%         2
 Apportation              Tloc           10%        N/A       17%         1
 Necrotise                Necr           20%        1d5       17%         1
 Summon Small Mammal      Summ           20%        N/A       17%         1
 Cigotuvi's Dreadful Rot  Necr/Pois/Air  10%        N/A       26%         2
 Inner Flame              Hex/Fire       10%        N/A       26%         3
 Portal Projectile        Hex/Tloc       20%        N/A       26%         3
 Cause Fear               Hex            7%         N/A       41%         4
 Passage of Golubria      Tloc           5%         N/A       86%         4
 Petrify                  Tmut/Erth      5%         N/A       86%         4
 Metabolic Englaciation   Hex/Ice        5%         N/A       94%         5
 Summon Mana Viper        Hex/Summ       10%        N/A       94%         5
 Statue Form              Tmut/Erth      3%         N/A       100%        6
 Chain Lightning          Conj/Air       2%         3d3       100%        9


Dungeon Overview and Level Annotations

Branches:
Dungeon (6/15)             Temple (0/1) D:6         Ossuary (visited)

Altars:
Cheibriados
Fedhas
Hepliaklqana
Vehumet

Shops:
D:1 ?   D:3 :

Annotations:
D:3 3 runed translucent doors, valliere's ghost, amateur SpEn
D:4 1 transporter, Edmund; Sigmund
D:6 Dowan


Innate Abilities, Weirdness & Mutations

You have sharp fingernails.
You sometimes emit foul miasma when damaged in melee.
When hurt, damage is shared between your health and your magic reserves.
You regenerate magic rapidly.


Message History

You now have 5/54 hp.
You feel better. Dowan hits you with a +0 dagger.
* * * LOW HITPOINT WARNING * * *
You regained 6 hp, and now have 11/54 hp.
You feel better. Dowan hits you with a +0 dagger.
Dowan casts a spell.
Dowan blinks!
You regained 10 hp, and now have 21/54 hp.
Aiming: Paralyse
Press: ? - help, Shift-Dir - straight line, f - Dowan
Aim: Dowan, wielding a +0 dagger and wearing a +0 robe (fast, chance to affect: 49%) Dowan suddenly stops moving!
The helpless Dowan fails to defend himself.
You scratch Dowan.
Dowan is lightly wounded.
The helpless Dowan fails to defend himself.
You scratch Dowan but do no damage.
Dowan is lightly wounded.
The helpless Dowan fails to defend himself.
You scratch Dowan.
Dowan is lightly wounded.
Dowan is no longer paralysed.
Dowan hits you with a +0 dagger. Dowan closely misses you.
Dowan hits you with a +0 dagger.
* * * LOW HITPOINT WARNING * * *
You take 7 damage, and have 15/54 hp.
You now have 3/17 mp.
Aiming: Paralyse
Press: ? - help, Shift-Dir - straight line, f/p - Dowan
Aim: Dowan, wielding a +0 dagger and wearing a +0 robe (lightly wounded, fast, chance to affect: 49%) Dowan resists with some effort.
Dowan hits you with a +0 dagger.
* * * LOW HITPOINT WARNING * * *
Dowan hits you with a +0 dagger.
* * * LOW HITPOINT WARNING * * *
You take 3 damage, and have 12/54 hp.
You now have 2/17 mp.
Aiming: Paralyse
Press: ? - help, Shift-Dir - straight line, f/p - Dowan
Aim: Dowan, wielding a +0 dagger and wearing a +0 robe (lightly wounded, fast, chance to affect: 49%) Dowan resists with some effort.
Dowan casts a spell at you. The stone arrow hits you!!
You die...

##..# #.## # ###
#.# #. #.# #.# #.
#.#.# #.# ##e# #.
#.##.#
##...#.#####>#.#
###.....##...##..#
...>....)#@..#.###
#####.###..e..## #
##.#.## ##.## ###


You could see Dowan (fast).

Vanquished Creatures
  Duvessa (D:6)
  An ogre (D:5)
  A centaur (D:5)
  2 scorpions
  A howler monkey (D:5)
  A gnoll bouda (D:4)
  2 hounds (D:4)
  A jelly (D:6)
  3 orc priests
  A sleepcap (D:5)
  4 iguanas
  3 orc wizards (D:5)
  8 adders
  3 gnolls (D:4)
  An ufetubus (D:5)
  2 worms
  2 dart slugs (D:5)
  20 orcs
  8 ball pythons
  3 bats
  4 endoplasms
  2 giant cockroaches
  4 goblins
  6 hobgoblins
  3 quokkas
  5 frilled lizards
  5 kobolds
  A rat (D:3)
98 creatures vanquished.

Vanquished Creatures (others)
  2 withered plants (Ossuary)
2 creatures vanquished.

Grand Total: 100 creatures vanquished

Notes
Turn   | Place    | Note
-------+----------+-------------------------------------------
     0 | D:1      | jasper the Demonspawn Hexslinger began the quest for the
                  | Orb.
     0 | D:1      | Reached XP level 1. HP: 15/15 MP: 2/2
   448 | D:1      | Found Sany Jep's Magic Scroll Emporium.
   496 | D:1      | Gained mutation: You regenerate magic rapidly. [demonic
                  | ancestry]
   496 | D:1      | Reached XP level 2. HP: 21/21 MP: 3/3
  1462 | D:2      | HP: 1/21 [adder (3)]
  1468 | D:2      | Gained mutation: You may rarely emit foul miasma when
                  | damaged in melee. [demonic ancestry]
  1468 | D:2      | Reached XP level 3. HP: 10/26 MP: 4/4
  2086 | D:1      | Bought a scroll of enchant weapon for 75 gold pieces
  2271 | D:3      | Noticed valliere's ghost (amateur SpEn)
  2272 | D:3      | Noticed an ogre
  2275 | D:3      | Found a runed translucent gate.
  2275 | D:3      | Found a runed translucent gate.
  2275 | D:3      | Found a runed translucent gate.
  2381 | D:3      | Found Vudiona's Book Shop.
  2393 | D:3      | Reached skill level 1 in Shields
  2533 | D:3      | Found a hazy altar of Hepliaklqana.
  2571 | D:3      | Reached XP level 4. HP: 28/32 MP: 5/5
  3209 | D:4      | Found a sand-covered staircase.
  3216 | Ossuary  | Entered an ossuary
  3418 | D:4      | Reached XP level 5. HP: 37/37 MP: 6/6
  3591 | D:4      | Found a snail-covered altar of Cheibriados.
  3626 | D:4      | Found a radiant altar of Vehumet.
  3637 | D:4      | Became a worshipper of Vehumet
  3699 | D:4      | Gained mutation: When hurt, damage is shared between your
                  | health and your magic reserves. [demonic ancestry]
  3699 | D:4      | Reached XP level 6. HP: 32/43 MP: 7/7
  3745 | D:4      | Found a transporter.
  3756 | D:4      | Reached skill level 2 in Spellcasting
  3831 | D:4      | Noticed Edmund
  3832 | D:4      | Noticed Sigmund
  3947 | D:5      | Entered Level 5 of the Dungeon
  3969 | D:5      | Reached skill level 3 in Spellcasting
  4118 | D:5      | Reached skill level 4 in Spellcasting
  4118 | D:5      | Discovered your monstrous ancestry.
  4118 | D:5      | Gained mutation: You have sharp fingernails. [demonic
                  | ancestry]
  4118 | D:5      | Reached XP level 7. HP: 32/48 MP: 7/13
  4128 | D:5      | Identified a scroll of acquirement
  4128 | D:5      | Acquired the Codex of Cloudy Interference
  4134 | D:5      | Learned a level 3 spell: Tukima's Dance
  4140 | D:5      | Learned a level 5 spell: Yara's Violent Unravelling
  4146 | D:5      | Learned a level 5 spell: Freezing Cloud
  4496 | D:5      | Reached skill level 5 in Spellcasting
  4500 | D:5      | Reached * piety under Vehumet
  4500 | D:5      | Offered knowledge of Magic Dart by Vehumet.
  4821 | D:5      | Acquired 824 gold pieces
  4895 | D:3      | Bought a book of Sloth for 468 gold pieces
  5302 | D:6      | Found a blossoming altar of Fedhas.
  5437 | D:6      | Found a staircase to the Ecumenical Temple.
  5543 | D:6      | Noticed Dowan
  5544 | D:6      | Noticed Duvessa
  5566 | D:6      | Killed Duvessa
  5567 | D:6      | Reached skill level 6 in Spellcasting
  5567 | D:6      | Gained mutation: You sometimes emit foul miasma when
                  | damaged in melee. [demonic ancestry]
  5567 | D:6      | Reached XP level 8. HP: 7/54 MP: 2/17
  5577 | D:6      | Killed from afar by Dowan

Illustrated notes

Levels and vault maps discovered:
D:1:      zelgadis_glass_arrival_small, layout_basic, serial_shops, shop,
          roderic_lattice_a, minmay_pentomino_t4
D:2:      layout_basic, st_stairs_13
D:3:      layout_basic, nicolae_hepliaklqana_hazy_memory, gammafunk_ghost_split,
          serial_shops, shop_fountains
D:4:      gammafunk_steamed_eel, layout_basic, cheibriados_altar_1,
          gammafunk_temple_overflow_wave, nicolae_vehumet_altar_sigil,
          chequers_ossuary_entry_cave, st_stairs_12,
          minmay_misc_feat_more_columns, sigmund_edmund_badplayer
D:5:      wander_river, layout_loops_ring, portal_sewer_entry_e
D:6:      layout_loops_corners, yredelemnul_altar_generic,
          fedhas_ov_isle_minmay, minmay_temple_entry_mist, st_stairs_1,
          minmay_misc_feat_hallway, sigmund_army, uniq_duvessa

Skill      XL: |  1  2  3  4  5  6  7 |
---------------+----------------------+-----
Ranged Weapons | 2 3 4 |  4.0
Shields        | 1 2 4 |  4.0
Spellcasting   | 4 6 |  6.3
Fighting       | |  1.0
Dodging        | |  1.7
Hexes          | |  3.1

Action                     |  1- 3 |  4- 6 |  7- 9 || total
---------------------------+-------+-------+-------++-------
  Melee: Unarmed           |       |       |    11 ||    11
   Fire: Sling             |   146 |   147 |   138 ||   431
   Cast: Slow              |     1 |       |       ||     1
         Tukima's Dance    |       |       |     1 ||     1
  Evoke: Wand              |       |       |     4 ||     4
    Use: Potion            |     3 |     2 |     5 ||    10
         Scroll            |     8 |     7 |     6 ||    21
   Stab: Paralysed         |       |       |     3 ||     3
 Armour: Ring mail         |    41 |    30 |    23 ||    94
         Skin              |       |    10 |       ||    10
  Dodge: Dodged            |    48 |    43 |    33 ||   124
  Block: Buckler           |    10 |    35 |    24 ||    69

Table legend: (Time is in decaauts)
 A = Elapsed time spent in this place.
 B = Non-inter-level travel time spent in this place.
 C = Inter-level travel time spent in this place.
 D = Time resting spent in this place.
 E = Time spent auto-exploring this place.
 F = Levels seen in this place.
 G = Mean time per level.
                   A        B        C        D        E       F      G
               +--------+--------+--------+--------+--------+-----+--------+
         Total |   5738 |   5379 |    359 |    320 |   3978 |   7 |  819.7 |
       Dungeon |   5721 |   5362 |    359 |    320 |   3977 |   6 |  953.5 |
       Ossuary |     17 |     17 |      0 |      0 |      1 |   1 |   17.0 |
               +--------+--------+--------+--------+--------+-----+--------+

Top non-repeatable levels by time:
     D:5: 1252 daAuts
     D:1: 1114 daAuts
     D:3: 1111 daAuts
     D:2: 1108 daAuts
     D:4: 831 daAuts
     D:6: 302 daAuts
 Ossuary: 17 daAuts
